 Dungeon Crawl Stone Soup version 0.19.5 (webtiles) character file.

102 Hybris the Sneak (level 4, -1/22 HPs)
             Began as a Spriggan Assassin on Mar 22, 2017.
             Killed from afar by Natasha (9 damage)
             ... with a magic dart
             ... on level 2 of the Dungeon.
             The game lasted 00:06:40 (2190 turns).

Hybris the Sneak (Spriggan Assassin)                Turns: 2190, Time: 00:06:41

Health: -1/22      AC:  3    Str:  7    XL:     4   Next: 49%
Magic:  5/5        EV: 22    Int: 12    God:
Gold:   52         SH:  0    Dex: 18    Spells: 0 memorised, 3 levels left

rFire  . . .     SeeInvis +     a - +2 dagger
rCold  . . .     Gourm    .     c - +0 robe
rNeg   . . .     Faith    .     (shield restricted)
rPois  .         Spirit   .     (helmet restricted)
rElec  .         Reflect  .     d - +0 cloak
rCorr  .         Harm     .     (gloves unavailable)
MR     .....                    (boots unavailable)
Stlth  ++++......               (no amulet)
                                (no ring)
                                o - +3 ring of evasion

@: very quick
A: unfitting armour, see invisible, herbivore 3, speed 3, slow metabolism 2
a: no special abilities


You were on level 2 of the Dungeon.
You were not hungry.

You visited 1 branch of the dungeon, and saw 2 of its levels.

You collected 52 gold pieces.

Inventory:

Hand Weapons
 a - a +2 dagger (weapon)
 b - a +0 blowgun
Missiles
 e - 8 poisoned needles
 f - 2 curare-tipped needles
 j - 92 stones (quivered)
 q - 2 needles of frenzy
Armour
 c - a +0 robe (worn)
 d - a +0 cloak (worn)
Jewellery
 o - a +3 ring of evasion (left hand)
Scrolls
 k - 3 scrolls of recharging {unknown}
 l - a scroll of identify {unknown}
 m - a scroll of teleportation {unknown}
 n - a scroll of remove curse {unknown}
Potions
 h - 2 potions of curing {unknown}
 i - a potion of haste {unknown}
 p - a potion of degeneration {unknown}
 r - 2 potions of might {unknown}
Comestibles
 g - 2 bread rations


   Skills:
 - Level 1.5 Fighting
 * Level 4.0 Short Blades
 - Level 2.0 Throwing
 + Level 3.5 Dodging
 + Level 6.6 Stealth


You had 3 spell levels left.
You didn't know any spells.

Dungeon Overview and Level Annotations

Branches:
Dungeon (2/15)

Altars:

Annotations:
D:2 Natasha


Innate Abilities, Weirdness & Mutations

You are very small and have problems with some larger weapons.
You are too small for most types of armour.
You have supernaturally acute eyesight. (SInv)
You are a herbivore.
You cover ground extremely quickly.
You need consume almost no food.


Message History

Natasha drinks a potion.
Natasha suddenly seems more resistant.
You barely miss Natasha.
Natasha is heavily wounded.
Natasha completely misses you.
You hit Natasha.
Natasha is heavily wounded.
Natasha claws you.
You hit Natasha but do no damage.
Natasha is heavily wounded.
You hit Natasha.
Natasha is severely wounded.
Natasha closely misses you.
You closely miss Natasha.
Natasha is severely wounded.
Natasha misses you.
You hit Natasha.
Natasha is almost dead.
Natasha stares at you and mumbles some strange words.
The magic dart hits you!
You die...

..# #.# ##.# #.### ##'##
#.#.## ##...## #..#.##
##.....## ##.###.##
##.......## #....##.#
.###.........####...#.##
...'.........'..........
#((h@)..(.####...####
##.......## ##..#
##.....## ##.# ##...##
#.# ##+## #.# #.# #.#
#.# #.#


You could see Natasha.

Vanquished Creatures
  Natasha (D:2)
  Robin (D:2)
  2 adders (D:2)
  A dart slug (D:1)
  A leopard gecko (D:1)
  3 giant cockroaches
  12 goblins
  6 hobgoblins
  A ball python (D:2)
  4 bats
  A frilled lizard (D:1)
  7 kobolds
  4 rats
44 creatures vanquished.

Notes
Turn   | Place    | Note
-------+----------+-------------------------------------------
     0 | D:1      | Hybris the Spriggan Assassin began the quest for the Orb.
     0 | D:1      | Reached XP level 1. HP: 10/10 MP: 2/2
   102 | D:1      | Reached skill level 6 in Stealth
   373 | D:1      | Reached XP level 2. HP: 12/14 MP: 3/3
  1173 | D:2      | Noticed Robin
  1191 | D:2      | Killed Robin
  1191 | D:2      | Reached XP level 3. HP: 11/18 MP: 4/4
  1662 | D:2      | Noticed Natasha
  1665 | D:2      | Killed Natasha
  1665 | D:2      | Reached XP level 4. HP: 22/22 MP: 5/5
  2177 | D:2      | Noticed Natasha
  2190 | D:2      | Killed from afar by Natasha

Skill      XL: |  1  2  3  4 |
---------------+-------------+-----
Stealth        | 6 |  6.6
Dodging        | 2 3 |  3.5
Short Blades   | 3 4 |  4.0
Fighting       | |  1.5
Throwing       | |  2.0

Action                   |  1- 3 |  4- 6 || total
-------------------------+-------+-------++-------
Melee: Dagger            |   122 |    32 ||   154
Throw: Stone             |    28 |     4 ||    32
 Stab: Sleeping          |     9 |     4 ||    13
       Distracted        |       |     1 ||     1
Armor: Robe              |    17 |     1 ||    18
Dodge: Dodged            |    87 |    17 ||   104
